 Dungeon Crawl Stone Soup version 0.19-a0-958-gd69d43c (webtiles) character file.

748 Fubayashi the Digger (level 7, -2/38 HPs)
             Began as a Gargoyle Earth Elementalist on July 11, 2016.
             Was an Initiate of Vehumet.
             Killed by nerve-wracking pain
             ... invoked by Grinder
              (12 damage)
             ... while paralysed by Grinder
             ... on level 4 of the Dungeon.
             The game lasted 00:27:09 (6779 turns).

Fubayashi the Digger (Gargoyle Earth Elementalist)  Turns: 6779, Time: 00:27:09

Health: -2/38      AC: 12    Str: 11    XL:     7   Next: 77%
Magic:  12/14      EV:  2    Int: 18    God:    Vehumet [......]
Gold:   191        SH:  0    Dex: 10    Spells: 2 memorised, 12 levels left

rFire  . . .     SeeInvis .     k - +2 mace (protect)
rCold  . . .     Gourm    .     c - +0 robe
rNeg   + . .     Faith    .     (no shield)
rPois  ∞         Spirit   .     (no helmet)
rElec  +         Dismiss  +     o - +0 cloak
rCorr  .         Reflect  .     (no gloves)
SustAt .         Harm     .     (no boots)
MR     .....                    y - amulet of dismissal
Stlth  ++........               (no ring)
                                (no ring)

@: paralysed, not resistant to hostile enchantments, unstealthy
A: negative energy resistance 1, electricity resistance, unbreathing,
petrification resistance, rot immunity, AC +4
a: Renounce Religion


You were on level 4 of the Dungeon.
You worshipped Vehumet.
Vehumet was noncommittal.
You were not hungry.

You visited 2 branches of the dungeon, and saw 6 of its levels.

You collected 191 gold pieces.

Inventory:

Hand Weapons
 k - a +2 mace of protection (weapon)
Missiles
 b - 241 stones (quivered)
Armour
 c - a +0 robe (worn)
 o - a +0 cloak (worn)
Jewellery
 y - an amulet of dismissal (around neck)
 z - an uncursed ring of wizardry {unknown}
Wands
 r - a wand of digging (1/24)
 w - a wand of polymorph (8/24)
 x - a wand of paralysis (16/24)
Scrolls
 g - a scroll of enchant armour {unknown}
 h - a scroll of teleportation {unknown}
 i - 6 scrolls of identify {unknown}
 j - a scroll of fear {unknown}
 l - 2 scrolls of remove curse {unknown}
 m - 4 scrolls of immolation {unknown}
 s - a scroll of amnesia {unknown}
 v - a scroll of magic mapping {unknown}
Potions
 a - a potion of degeneration {unknown}
 f - 2 potions of curing {unknown}
 n - a potion of invisibility {unknown}
 p - a potion of cure mutation {unknown}
 q - 2 potions of berserk rage {unknown}
 t - a potion of beneficial mutation {unknown}
 u - 3 potions of flight {unknown}
 A - 3 potions of heal wounds {unknown}
Books
 e - a book of Geomancy

   Spells                             Type                      Level
   a - Sandblast                      Earth                        1
   b - Passwall                       Transmutation/Earth          2
   c - Stone Arrow                    Conjuration/Earth            3
   d - Petrify                        Transmutation/Earth          4
   e - Lee's Rapid Deconstruction     Earth                        5
Comestibles
 d - a chunk of flesh


   Skills:
 + Level 1.4 Fighting
 + Level 1.2 Maces & Flails
 + Level 0.9 Armour
 + Level 1.8 Dodging
 - Level 2.1 Stealth
 * Level 5.3 Spellcasting
 + Level 3.6 Conjurations
   Level 0.7 Transmutations
 + Level 6.0 Earth Magic
 + Level 1.1 Evocations


You had 12 spell levels left.
You knew the following spells:

 Your Spells              Type           Power        Failure   Level  Hunger
a - Sandblast             Erth           ####..       1%          1    None
b - Stone Arrow           Conj/Erth      ###...       6%          3    ##.....


Dungeon Overview and Level Annotations

Branches:
Dungeon (5/15)             Temple (1/1) D:4

Altars:
Ashenzari
Cheibriados
Dithmenos
Elyvilon
Fedhas
Gozag
Hepliaklqana
Kikubaaqudgha
Makhleb
Nemelex Xobeh
Okawaru
Pakellas
Qazlal
Ru
Sif Muna
Trog
Uskayaw
Vehumet
Xom
Yredelemnul
Zin
The Shining One

Annotations:
D:2 Jessica
D:3 Robin
D:4 Grinder


Innate Abilities, Weirdness & Mutations

You are resistant to torment.
Your stone body is resilient. (AC +4)
You are immune to poison.
You resist negative energy. (rN+)
You are resistant to electric shocks. (rElec)
You can survive without breathing.
You are immune to petrification.
You are immune to rotting.


Message History

Casting: Sandblast
Confirm with . or Enter, or press ? or * to list all spells.
Aiming: Stone Arrow
Press: ? - help, Shift-Dir - straight line, f - crimson imp
Aim: a crimson imp The stone arrow hits the crimson imp.
You kill the crimson imp!
Vehumet accepts your kill.
Your Earth Magic skill increases to level 6!
You start resting.
Grinder gestures at you. Pain shoots through your body!
* * * LOW HITPOINT WARNING * * *
Things that are here:
a robe; a dagger Grinder gestures at you.
You suddenly lose the ability to move!
Grinder gestures at you. Pain shoots through your body!
You die...

..#########...................###
..8#............#.#############
..####.###......#......# ..####.#
#......######.# ..##...# ##...<.#
#...# ..8#...# #[....## ###....
..##...######....# ......
..)......#######.# .....
....)[.#...### #@# #8###
.......###...###[## ## ###
.......# ###...>..### .$..
.......# #####)...##### ...5#
.###.### #..(.....###.....# .#
#.# ###5####.......# .# #.## #.#
#....##...# ## #..#
#.####.#.......# #▒#▒#▒#▒#
#...##.#.#####.


You could see Grinder.

Vanquished Creatures
  Sigmund (D:3)
  A hippogriff (D:3)
  A phantom (D:4)
  A scorpion (D:5)
  A crimson imp (D:4)
  An iguana (D:4)
  An orc wizard (D:4)
  A worker ant (D:4)
  A hound skeleton (D:4)
  3 gnolls (D:3)
  7 adders
  An ooze (D:4)
  2 worms (D:2)
  6 giant geckos
  13 orcs
  2 ball pythons
  3 giant cockroaches
  12 goblins
  13 hobgoblins
  7 jackals
  7 kobolds
  12 bats
  A giant gecko skeleton (D:4)
  3 giant newts
  9 rats
110 creatures vanquished.

Notes
Turn   | Place    | Note
-------+----------+-------------------------------------------
     0 | D:1      | Fubayashi the Gargoyle Earth Elementalist began the quest for the Orb.
     0 | D:1      | Reached XP level 1. HP: 10/10 MP: 3/3
     6 | D:1      | Noticed a swamp drake
     7 | D:1      | Noticed a salamander
   429 | D:1      | Reached XP level 2. HP: 15/15 MP: 0/5
  1338 | D:1      | Reached skill level 4 in Earth Magic
  1537 | D:1      | Reached XP level 3. HP: 12/19 MP: 7/7
  1542 | D:1      | Learned a level 3 spell: Stone Arrow
  1932 | D:2      | Noticed Jessica
  2344 | D:2      | Reached XP level 4. HP: 24/24 MP: 3/8
  2594 | D:2      | Reached skill level 1 in Conjurations
  2847 | D:2      | Found an oddly glowing altar of Pakellas.
  3129 | D:3      | Found an ancient bone altar of Kikubaaqudgha.
  3426 | D:3      | Noticed Robin
  3513 | D:3      | Reached XP level 5. HP: 28/28 MP: 8/10
  3783 | D:3      | Noticed a hippogriff
  3842 | D:3      | Found a shattered altar of Ashenzari.
  3932 | D:3      | Killed a hippogriff
  3932 | D:3      | Reached skill level 5 in Earth Magic
  3932 | D:3      | Reached XP level 6. HP: 12/32 MP: 1/12
  4367 | D:3      | Noticed Sigmund
  5383 | D:4      | Noticed Grinder
  5605 | D:3      | Killed Sigmund
  5605 | D:3      | Reached skill level 5 in Spellcasting
  5605 | D:3      | Reached XP level 7. HP: 28/36 MP: 0/14
  5736 | D:4      | Paralysed by Grinder for 3 turns
  5951 | D:4      | Found a staircase to the Ecumenical Temple.
  5965 | Temple   | Entered the Ecumenical Temple
  6053 | Temple   | Became a worshipper of Vehumet
  6550 | D:5      | Entered Level 5 of the Dungeon
  6555 | D:5      | Reached skill level 1 in Maces & Flails
  6555 | D:5      | Reached skill level 1 in Evocations
  6692 | D:4      | Reached skill level 1 in Fighting
  6772 | D:4      | Reached skill level 6 in Earth Magic
  6777 | D:4      | Paralysed by Grinder for 5 turns
  6779 | D:4      | Killed from afar by Grinder

Vault maps used:
D:1:      onia_arrival_zoo_common
D:2:      first_bread, johnstein_pakellas_dig, uniq_jessica
D:3:      lemuel_round_altar, small_statue_intersection,
          evilmike_ruin_ashenzari, uniq_sigmund, uniq_robin
D:4:      serial_shops, kennysheep_mini, serial_corexii_hall,
          corexii_hall_statues_deadend, corexii_hall_statues_x,
          bh_walls_and_bars, uniq_grinder
Temple:   kilobyte_greek_temple

Skill      XL: |  1  2  3  4  5  6  7 |
---------------+----------------------+-----
Earth Magic    | 4 5 6 |  6.0
Spellcasting   | 3 4 5 |  5.3
Conjurations   | 1 2 3 |  3.6
Maces & Flails | 1 |  1.2
Evocations     | 1 |  1.1
Fighting       | 1 |  1.4
Armour         | |  0.9
Dodging        | |  1.8
Stealth        | |  2.1
Transmutations | |  0.7

Action                   |  1- 3 |  4- 6 |  7- 9 || total
-------------------------+-------+-------+-------++-------
Melee: Unarmed           |    38 |     7 |       ||    45
       Whip              |   114 |    95 |       ||   209
       Mace              |       |    30 |    52 ||    82
 Cast: Sandblast         |    44 |    99 |    13 ||   156
       Stone Arrow       |       |     6 |     8 ||    14
 Stab: Sleeping          |     2 |     1 |       ||     3
  Eat: Chunk             |     5 |     6 |     2 ||    13
       Bread ration      |       |     1 |     1 ||     2
Armor: Robe              |    96 |    99 |    53 ||   248
       Skin              |       |     2 |       ||     2
Dodge: Dodged            |   172 |   161 |    48 ||   381
